AoeStats
← NESTS

Arena

511057800Analyzed
2v2 RM · 6h ago on Oct 3, 2026· 64m 44s· 4 players
Game mode
Random Map
Map size
Medium (4 player)
Population
200
Speed
Normal
Resources
Standard
Victory
Conquest
Starting age
Dark Age
Ending age
Imperial Age
RankedLock teamsTeams togetherTeam positionsShared explorationLock speedFull tech treeHidden civsTurbo modeCheats
Victory
Defeat
🇦🇷 Vietnamese · Argentina
985
+15
🇦🇷 Italians · Argentina
982
+15
🇦🇷 Saxons · Argentina
966
-15
🇨🇳 Poles · China
955
-44
Franchies 
11:39 Feudal Age
16:01 Castle Age
14:20 Horse Collar
14:43 Stone Mining
15:41 Gold Mining
15:43 Double-Bit Axe
17:23 Heavy Plow
17:37 Loom
23:46 Gold Shaft Mining
31:11 Scale Mail Armor
34:24 Pikeman
39:16 Chain Mail Armor
41:01 Bow Saw
43:09 Forging
43:41 Squires
43:28 Gambesons
45:41 Iron Casting
48:10 Imperial Age
49:46 Conscription
49:04 Halberdier
49:31 Arson
51:39 Plate Mail Armor
51:03 Treadmill Crane
51:49 Capped Ram
53:14 Fortified Wall
NESTS
11:54 Feudal Age
10:20 Loom
13:11 Wheelbarrow
12:30 Horse Collar
15:49 Town Watch
18:32 Double-Bit Axe
20:22 Stone Mining
20:23 Gold Mining
27:01 Castle Age
25:43 Bloodlines
28:38 Bow Saw
28:12 Elite Skirmisher
29:02 Scale Barding Armor
29:12 Forging
28:28 Light Cavalry
29:48 Husbandry
30:09 Heavy Plow
32:23 Hand Cart
santiagosservin
11:46 Feudal Age
15:46 Castle Age
13:34 Loom
14:31 Double-Bit Axe
14:27 Horse Collar
20:04 Loom
23:26 Light Cavalry
24:17 Bloodlines
31:58 Wheelbarrow
58:59 Imperial Age
56:53 Hand Cart
61:59 Chemistry
61:19 Ballistics
63:06 Treadmill Crane
63:36 Masonry
63:37 Fortified Wall
63:16 Arrowslits
dott1
11:31 Feudal Age
15:19 Castle Age
13:11 Loom
13:41 Double-Bit Axe
13:55 Horse Collar
23:02 Heavy Plow
23:15 Bow Saw
24:22 Wheelbarrow
24:26 Town Watch
25:15 Ballistics
25:01 Elite Skirmisher
29:46 Imperial Age
27:28 Fletching
28:23 Thumb Ring
29:03 Bodkin Arrow
29:10 Padded Archer Armor
29:20 Forging
28:38 Pikeman
30:31 Hand Cart
30:09 Imperial Skirmisher
30:58 Gold Mining
31:47 Bracer
32:51 Chemistry
32:10 Stone Mining
32:38 Leather Archer Armor
32:34 Forging
34:45 Ring Archer Armor
35:39 Iron Casting
35:14 Halberdier
37:41 Stone Shaft Mining
37:13 Scale Barding Armor
37:10 Scale Mail Armor
37:14 Squires
37:47 Crop Rotation
38:19 Two-Man Saw
39:21 Chain Mail Armor
39:27 Chain Barding Armor
38:59 Elite Rattan Archer
46:47 Plate Mail Armor
46:52 Plate Barding Armor
46:56 Elite Battle Elephant
48:37 Husbandry
48:49 Bloodlines
49:50 Chatras
52:47 Hoardings
53:02 Town Patrol
56:14 Spies/Treason
61:02 Cavalier
61:02 Light Cavalry
Connection lost

Rejoining the realm…

Still unreachable

The connection could not be restored.

Session expired

The server has moved on; the page needs a fresh start.